 Dungeon Crawl Stone Soup version 0.29.1-2-gbd0b4ee654 (webtiles) character file.

Game seed: 9283804270749165503

137 Icepheonix32 the Insei (level 4, 0/35 HPs)
             Began as a Demigod Transmuter on Nov 4, 2022.
             Slain by an orc priest
             ... wielding a +0 hand axe
              (1 damage)
             ... on level 3 of the Dungeon.
             The game lasted 00:03:23 (3492 turns).

Icepheonix32 the Insei (Demigod Transmuter)         Turns: 3492, Time: 00:03:23

Health: 0/35       AC:  2    Str: 11    XL:     4   Next: 68%
Magic:  9/10       EV: 12    Int: 19    God:
Gold:   194        SH:  0    Dex: 14    Spells: 1/7 levels left

rFire   . . .      SeeInvis .     - Unarmed
rCold   + . .      Faith    .   (no shield)
rNeg    . . .      Spirit   .   a - +0 robe
rPois   .          Reflect  .   (helmet currently unavailable)
rElec   .          Harm     .   (no cloak)
rCorr   .          Rampage  .   (no gloves)
Will    .....                   (boots currently unavailable)
Stlth   ++........              (no amulet)
HPRegen 0.11/turn               m - ring of protection from cold
MPRegen 0.12/turn               (no ring)

@: appendages
A: horns 2, talons 2, high MP 1, forlorn, divine attributes
a: End Transformation


You were on level 3 of the Dungeon.
You had temporarily grown beastly horns and talons.
You visited 1 branch of the dungeon, and saw 3 of its levels.

You collected 194 gold pieces.

Inventory:

Hand Weapons
 d - a +1 dagger of venom
Armour
 a - a +0 robe (worn)
 i - a +0 helmet (melded)
Jewellery
 m - a ring of protection from cold (left hand)
Scrolls
 c - 2 scrolls of silence
 f - a scroll of enchant weapon
 j - a scroll of immolation
Potions
 b - a potion of lignification
 e - a potion of heal wounds
 g - a potion of brilliance {unknown}
 h - a potion of curing
 l - 2 potions of attraction


   Skills:
 + Level 1.0 Fighting
 + Level 2.2 Dodging
 + Level 0.7 Stealth
 + Level 3.4 Unarmed Combat
 + Level 2.4 Spellcasting
 * Level 2.9 Transmutations
 * Level 1.0 Poison Magic


You had one spell level left.
You knew the following spells:

 Your Spells              Type           Power      Damage    Failure   Level
a - Beastly Appendage     Tmut           26%        N/A       4%          1
b - Spider Form           Tmut/Pois      9%         N/A       22%         3
c - Wereblood             Tmut           13%        N/A       8%          2

Your spell library contained the following spells:

 Spells                   Type           Power      Damage    Failure   Level
 Sublimation of Blood     Necr           2%         N/A       24%         2
 Ice Form                 Ice/Tmut       7%         N/A       65%         4
 Summon Hydra             Summ           1%         N/A       100%        7


Dungeon Overview and Level Annotations

Branches:
Dungeon (3/15)

Annotations:
D:3 1 runed translucent door, Crazy Yiuf


Innate Abilities, Weirdness & Mutations

You have temporarily grown beastly horns and talons.
You have an increased reservoir of magic. (+10% MP)
You shall have no god before yourself.
Your divine heritage dramatically boosts your attributes as you level up.


Message History

The orc priest is almost dead.
Casting: Beastly Appendage (safe; 5% risk of failure)
Confirm with . or Enter, or press ? or * to list all spells.
You grow a pair of large bovine horns.
Your feet morph into talons.
Your +0 helmet melds into your body.
The orc closely misses you.
An orc priest comes into view. It is wielding a +0 hand axe.
The orc priest barely misses you. The orc misses you.
You barely miss the orc priest. You claw the orc priest.
The orc priest is almost dead.
The orc hits you with a +0 club.
The orc priest invokes the aid of Beogh against you.
Pain shoots through your body! The orc hits you with a +0 short sword.
You hit the orc priest.
You kill the orc priest!
The orc hits you but does no damage.
An orc comes into view. It is wielding a +0 short sword.
The orc closely misses you.
Your Poison Magic skill increases to level 1!
The orc shouts!
You hit the orc priest. Your kick misses the orc priest.
The orc priest is lightly wounded.
You hear a shout!
The orc misses you.
The orc priest hits you with a +0 hand axe.
The orc barely misses you.
You closely miss the orc priest.
The orc priest is lightly wounded.
A goblin comes into view. It is wielding a +0 club.
The orc hits you with a +0 club.
* * * LOW HITPOINT WARNING * * *
The orc priest hits you with a +0 hand axe.
* * * LOW HITPOINT WARNING * * *
The orc closely misses you.
Unknown command.
You barely miss the orc priest. Your kick misses the orc priest.
The orc priest is lightly wounded.
The orc hits you with a +0 club.
* * * LOW HITPOINT WARNING * * *
The orc priest hits you with a +0 hand axe.
You die...

# ## ### #.#. ...#. g#. .....
.. ... ###.###.# #. ##
#.ooo...# #.. ..
#o@).##.#.#########
#############.#...#.#.#........
#..........##.##..........#####
#..........##.##.##.#.#........
#..........##.##.##.#.#.#.#.###
#..........##.##.##.......#.#
#..........##.##.####.#.###.###
#.....)....##.##.####.#.#......
#.............##..........#.###


You could see an orc priest, 3 orcs and a goblin.

Vanquished Creatures
  An orc priest (D:3)
  5 adders (D:2)
  2 dart slugs (D:3)
  7 endoplasms
  A giant cockroach (D:1)
  4 goblins
  7 hobgoblins
  3 jackals (D:3)
  6 kobolds
  3 quokkas
  7 ball pythons
  3 bats
  2 frilled lizards
  3 rats
54 creatures vanquished.

Notes
Turn   | Place    | Note
-------+----------+-------------------------------------------
     0 | D:1      | Icepheonix32 the Demigod Transmuter began the quest for the
                  | Orb.
     0 | D:1      | Reached XP level 1. HP: 15/15 MP: 5/5
   559 | D:1      | Reached XP level 2. HP: 20/22 MP: 5/7
   618 | D:1      | Reached skill level 3 in Unarmed Combat
  1587 | D:2      | Reached XP level 3. HP: 27/27 MP: 6/8
  1625 | D:2      | Reached skill level 1 in Fighting
  1919 | D:2      | Learned a level 3 spell: Spider Form
  1922 | D:2      | Learned a level 2 spell: Wereblood
  2782 | D:2      | Reached XP level 4. HP: 31/35 MP: 8/10
  3032 | D:3      | Noticed a +0 short sword
  3033 | D:3      | Noticed a +0 falchion
  3033 | D:3      | Noticed a +0 short sword
  3034 | D:3      | Noticed a +0 spear
  3034 | D:3      | Noticed a +0 dagger
  3034 | D:3      | Noticed a +0 spear
  3035 | D:3      | Noticed a +0 falchion
  3035 | D:3      | Noticed a +0 dagger
  3101 | D:3      | Found a runed translucent door.
  3102 | D:3      | Noticed Crazy Yiuf
  3490 | D:3      | Reached skill level 1 in Poison Magic
  3492 | D:3      | HP: 1/35 [orc/+0 club (3)]
  3492 | D:3      | Slain by an orc priest

Illustrated notes

Levels and vault maps discovered:
D:1:      co_arrival_square_in_a_square_in_a_square, layout_rooms
D:2:      layout_basic, ebering_ecumenical_altar_webs
D:3:      kennysheep_goblin_castle, layout_basic, nicolae_uskayaw_en_pointe,
          st_stairs_11, uniq_crazy_yiuf_cottage

Skill      XL: |  1  2  3  4 |
---------------+-------------+-----
Transmutations | 2 |  2.9
Unarmed Combat | 3 |  3.4
Spellcasting   | 2 |  2.4
Dodging        | 2 |  2.2
Fighting       | 1 |  1.0
Poison Magic   | 1 |  1.0
Stealth        | |  0.7

Action                   |  1- 3 |  4- 6 || total
-------------------------+-------+-------++-------
Melee: Unarmed           |   128 |    43 ||   171
       Kick              |    22 |     8 ||    30
       Headbutt          |    10 |     9 ||    19
       Punch             |     1 |       ||     1
 Cast: Beastly Appendage |    25 |     9 ||    34
  Use: Scroll            |     4 |     3 ||     7
       Potion            |       |     1 ||     1
 Stab: Sleeping          |     1 |       ||     1
Armor: Robe              |    24 |     6 ||    30
Dodge: Dodged            |    99 |    35 ||   134
